 Dungeon Crawl Stone Soup version 0.18.1-8-gdd0e5ea (webtiles) character file.

11725 rockintein the Severer (level 11, -5/100 HPs)
             Began as a Minotaur Berserker on June 6, 2016.
             Was a High Priest of Trog.
             Slain by Snorg (12 damage)
             ... on level 12 of the Dungeon.
             The game lasted 00:21:19 (11297 turns).

rockintein the Severer (Minotaur Berserker)        Turns: 11297, Time: 00:21:20

Health: -5/100     AC: 22    Str: 25    XL:     11   Next: 53%
Magic:  10/10      EV:  8    Int:  4    God:    Trog [*****.]
Gold:   558        SH:  0    Dex: 13    Spells: 0 memorised, 10 levels left

rFire  . . .     SeeInvis .     G - +2 hand axe (flame)
rCold  . . .     Gourm    .     I - +0 plate armour
rNeg   . . .     Faith    .     (no shield)
rPois  +         Spirit   .     (helmet restricted)
rElec  .         Dismiss  .     j - +0 cloak
rCorr  .         Reflect  .     n - +1 pair of gloves {Dex+3}
SustAt +         Harm     .     K - +2 pair of boots
MR     ++...                    (no amulet)
Stlth  ..........               L - ring of poison resistance
                                r - ring of sustain attributes

@: regenerating, very resistant to hostile enchantments, extremely unstealthy
A: retaliatory headbutt, horns 2
a: Berserk, Trog's Hand, Brothers in Arms, Burn Spellbooks, Renounce Religion


You were on level 12 of the Dungeon.
You worshipped Trog.
Trog was extremely pleased with you.
You were not hungry.

You visited 1 branch of the dungeon, and saw 12 of its levels.

You collected 558 gold pieces.

Inventory:

Hand Weapons
 s - a +0 war axe
 v - a +2 flail of protection
 E - a +1 spear of chaos
 G - a +2 hand axe of flaming (weapon)
Armour
 g - a mottled dragon hide
 j - a +0 cloak (worn)
 n - a +1 pair of gloves of dexterity (worn)
 I - a +0 plate armour (worn)
 K - a +2 pair of boots (worn)
Jewellery
 r - a ring of sustain attributes (left hand)
 L - a ring of poison resistance (right hand)
Scrolls
 a - a scroll of random uselessness {unknown}
 b - 3 scrolls of remove curse
 h - 8 scrolls of identify
 i - 4 scrolls of teleportation
 k - a scroll of fog
 w - a scroll of blinking
 x - 2 scrolls of recharging
 C - a scroll of magic mapping
Potions
 f - 2 potions of berserk rage
 l - 5 potions of curing
 u - a potion of ambrosia
 z - 2 potions of might
 A - 2 potions of haste
 B - a potion of heal wounds
 F - a potion of brilliance
Books
 m - a book of Summonings

   Spells                             Type                      Level
   a - Recall                         Summoning/Translocation      3
   b - Aura of Abjuration             Summoning                    5
   c - Summon Demon                   Summoning                    5
   d - Summon Forest                  Summoning/Translocation      5
   e - Summon Mana Viper              Hexes/Summoning              5
   f - Shadow Creatures               Summoning                    6
   Trog disapproves of the use of such an item.
 D - a book of Minor Magic

   Spells                             Type                      Level
   a - Magic Dart                     Conjuration                  1
   b - Blink                          Translocation                2
   c - Call Imp                       Summoning                    2
   d - Repel Missiles                 Charms/Air                   2
   e - Slow                           Hexes                        2
   f - Conjure Flame                  Conjuration/Fire             3
   g - Mephitic Cloud                 Conjuration/Poison/Air       3
   Trog disapproves of the use of such an item.
 H - a book of Changes

   Spells                             Type                      Level
   a - Beastly Appendage              Transmutation                1
   b - Sticks to Snakes               Transmutation                2
   c - Spider Form                    Transmutation/Poison         3
   d - Ice Form                       Ice/Transmutation            4
   e - Blade Hands                    Transmutation                5
   Trog disapproves of the use of such an item.
 J - a book of Transfigurations

   Spells                             Type                      Level
   a - Irradiate                      Conjuration/Transmutation    5
   b - Statue Form                    Transmutation/Earth          6
   c - Hydra Form                     Transmutation                6
   d - Dragon Form                    Transmutation                7
   Trog disapproves of the use of such an item.
Comestibles
 c - 8 bread rations
 d - 4 fruits
 o - 7 beef jerkies
 p - 6 royal jellies
 q - 6 meat rations
 t - 5 slices of pizza


   Skills:
 + Level 10.2 Fighting
 * Level 16.2 Axes
 + Level 10.6 Armour
 - Level 2.1 Dodging


You had 10 spell levels left.
You didn't know any spells.

Dungeon Overview and Level Annotations

Branches:
Dungeon (12/15)            Temple (0/1) D:6            Lair (0/8) D:11
    Orc (0/2) D:9

Altars:
Fedhas
Gozag
Makhleb
Pakellas
Xom
The Shining One

Shops:
D:8 %

Annotations:
D:12 Snorg


Innate Abilities, Weirdness & Mutations

You reflexively headbutt those who attack you in melee.
You have a pair of horns on your head.


Message History

Snorg claws you! Snorg claws you but does no damage. Snorg closely misses you.
You furiously retaliate!
You headbutt Snorg! Snorg claws you!
* * * LOW HITPOINT WARNING * * *
Snorg claws you!
* * * LOW HITPOINT WARNING * * *
Drink which item? (? for menu, Esc to quit)
You feel better.
Snorg closely misses you. x2; Snorg barely misses you.
Eat which item? (? for menu, Esc to quit)
Snorg bites you!
* * * LOW HITPOINT WARNING * * *
Snorg claws you but does no damage. Snorg barely misses you.
Snorg bites you but does no damage. Snorg claws you but does no damage. x2
You continue eating.
Snorg bites you!
* * * LOW HITPOINT WARNING * * *
Snorg barely misses you. Snorg claws you.
* * * LOW HITPOINT WARNING * * *
You continue eating.
Snorg bites you!
You die...

#. ####.# #...
#....# #.. #.####
#.. #.# #.. #.# #
#.####### #.#
...####.......# #.#
#....?T†...#.# #.#
#..##.@..#.#.###.#
.........?........#
##..##....##..#####
... #....##..# ##
...........#
###.##.##.## #.
#.##.# #. .....#
...###


You could see Snorg (berserk).

Vanquished Creatures
  The ghost of juanjsm the Covert, a journeyman SpEn of Ashenzari (D:10)
  2 unseen horrors
  2 hill giants
  A cyclops (D:11)
  2 komodo dragons
  A queen bee (D:9)
  A two-headed ogre (D:10)
  Prince Ribbit (D:5)
  A spriggan (D:7)
  2 hungry ghosts
  Menkaure (D:5)
  A hippogriff (D:11)
  Edmund (D:5)
  A water moccasin (D:11)
  5 orc warriors
  A swamp drake (D:9)
  2 phantoms
  A black bear (D:8)
  2 ice beasts
  2 sky beasts
  An eye of draining (D:8)
  A wasp (D:10)
  A necrophage (D:6)
  4 ogres
  6 centaurs
  2 giant frogs
  Blork the orc (D:6)
  2 scorpions
  A wyvern skeleton (D:11)
  36 killer bees
  2 howler monkeys
  9 wights
  2 crimson imps
  A centaur zombie (D:10)
  2 giant frog zombies
  2 quasits
  3 centaur skeletons
  4 hounds
  2 jellies (D:5)
  4 orc priests
  15 orc wizards
  6 iguanas
  11 worker ants
  2 hound zombies
  A hound skeleton (D:6)
  8 gnolls
  13 adders
  3 shadow imps
  2 adder skeletons
  An adder zombie (D:8)
  3 worms
  2 dart slugs
  5 giant geckos
  46 orcs
  A ball python (D:2)
  9 bats
  7 giant cockroaches
  7 goblins
  2 hobgoblins (D:1)
  23 jackals
  5 kobolds
  4 quokkas
  4 giant newts
  A quokka zombie (D:6)
  7 rats
305 creatures vanquished.

Vanquished Creatures (others)
  An orc wizard (D:7)
  3 plants (D:11)
4 creatures vanquished.

Grand Total: 309 creatures vanquished

Notes
Turn   | Place    | Note
--------------------------------------------------------------
     0 | D:1      | rockintein the Minotaur Berserker began the quest for the Orb.
     0 | D:1      | Reached XP level 1. HP: 19/19 MP: 0/0
   186 | D:1      | Reached skill level 4 in Axes
   209 | D:1      | Reached XP level 2. HP: 24/26 MP: 1/1
   393 | D:1      | Reached ** piety under Trog
   393 | D:1      | Reached skill level 5 in Axes
   633 | D:2      | Found a faded altar to an unknown god.
   639 | D:2      | Reached XP level 3. HP: 28/31 MP: 2/2
  1370 | D:2      | Reached XP level 4. HP: 39/39 MP: 3/3
  1428 | D:3      | Reached skill level 6 in Axes
  1640 | D:3      | Reached *** piety under Trog
  1962 | D:3      | Reached skill level 7 in Axes
  1962 | D:3      | Reached XP level 5. HP: 33/45 MP: 4/4
  2286 | D:4      | Reached skill level 8 in Axes
  2293 | D:4      | Reached XP level 6. HP: 51/51 MP: 5/5
  2337 | D:4      | Found a shimmering altar of Xom.
  2507 | D:4      | Found an opulent altar of Gozag.
  2995 | D:4      | Reached skill level 9 in Axes
  3395 | D:5      | Entered Level 5 of the Dungeon
  3395 | D:5      | Noticed Menkaure
  3403 | D:5      | Killed Menkaure
  3403 | D:5      | Reached XP level 7. HP: 36/57 MP: 6/6
  3581 | D:5      | Noticed Edmund
  3590 | D:5      | Killed Edmund
  3590 | D:5      | Reached skill level 10 in Axes
  4029 | D:5      | Noticed Prince Ribbit
  4041 | D:5      | Killed Prince Ribbit
  4041 | D:5      | Reached skill level 5 in Armour
  4041 | D:5      | Reached XP level 8. HP: 53/64 MP: 7/7
  4348 | D:6      | Reached skill level 11 in Axes
  4391 | D:6      | Found a glowing golden altar of the Shining One.
  4717 | D:6      | Found a burning altar of Makhleb.
  4848 | D:6      | Paralysed by a gnoll for 5 turns
  4889 | D:6      | Found an oddly glowing altar of Pakellas.
  4899 | D:6      | Noticed Blork the orc
  4925 | D:6      | Killed Blork the orc
  5068 | D:6      | Found a blossoming altar of Fedhas.
  5247 | D:6      | Found a staircase to the Ecumenical Temple.
  5711 | D:7      | Reached skill level 5 in Fighting
  5800 | D:7      | Reached skill level 12 in Axes
  5839 | D:7      | Reached XP level 9. HP: 64/74 MP: 8/8
  6268 | D:7      | Reached **** piety under Trog
  6850 | D:8      | Reached skill level 13 in Axes
  7215 | D:8      | Found Bashriat's Food Shop.
  7359 | D:9      | Found a staircase to the Orcish Mines.
  7535 | D:9      | Reached XP level 10. HP: 85/86 MP: 9/9
  7978 | D:9      | Reached skill level 14 in Axes
  7998 | D:9      | Reached ***** piety under Trog
  8461 | D:10     | Entered Level 10 of the Dungeon
  8479 | D:10     | Noticed a hill giant
  8481 | D:10     | Noticed juanjsm's ghost (journeyman SpEn)
  8485 | D:10     | Killed a hill giant
  8496 | D:10     | Killed juanjsm's ghost
  8582 | D:10     | Reached skill level 15 in Axes
  8742 | D:10     | Killed an unseen horror
  9111 | D:10     | Reached XP level 11. HP: 68/97 MP: 10/10
  9852 | D:11     | Noticed a hill giant
 10074 | D:11     | Killed a hill giant
 10074 | D:11     | Reached skill level 10 in Armour
 10460 | D:11     | Found a staircase to the Lair.
 10625 | D:11     | Reached skill level 10 in Fighting
 10711 | D:11     | Reached skill level 16 in Axes
 10941 | D:11     | Killed an unseen horror
 11279 | D:12     | Noticed Snorg
 11297 | D:12     | Slain by Snorg

Skill      XL: |  1  2  3  4  5  6  7  8  9 10 11 |
---------------+----------------------------------+-----
Axes           | 4 5 7 8 9 10 12 13 15 16 | 16.2
Armour         | 3 5 6 8 9 10 | 10.6
Fighting       | 5 7 9 10 | 10.2
Dodging        | |  2.1

Action                   |  1- 3 |  4- 6 |  7- 9 | 10-12 || total
-------------------------+-------+-------+-------+-------++-------
Melee: Hand axe          |    86 |    38 |       |   220 ||   344
       Headbutt          |     8 |    28 |    82 |    65 ||   183
       War axe           |       |   107 |   356 |    96 ||   559
Invok: Berserk           |       |     1 |       |     3 ||     4
       Trog's Hand       |       |     5 |     8 |     4 ||    17
  Use: Scroll            |     4 |       |     6 |     5 ||    15
       Potion            |     2 |     1 |     2 |     2 ||     7
 Stab: Sleeping          |     1 |       |       |       ||     1
       Confused          |       |       |     1 |       ||     1
  Eat: Chunk             |     1 |     8 |    17 |    13 ||    39
       Fruit             |       |       |     2 |     1 ||     3
       Pizza             |       |       |       |     1 ||     1
       Royal jelly       |       |       |       |     1 ||     1
Armor: Animal skin       |    15 |       |       |       ||    15
       Chain mail        |    10 |   103 |   100 |       ||   213
       Plate armour      |       |       |    98 |   303 ||   401
Dodge: Dodged            |    52 |    48 |   131 |   167 ||   398
